 Dungeon Crawl Stone Soup version 0.28-b1-25-g9875b3fc8c (webtiles) character file.

Game seed: 12015682844949016586

3586 crazypyro the Protected (level 9, -2/70 HPs)
             Began as a Minotaur Fighter on Jan 31, 2022.
             Was an Initiate of Gozag.
             Slain by Grum (11 damage)
             ... on level 8 of the Dungeon.
             The game lasted 00:12:52 (8748 turns).

crazypyro the Protected (Minotaur Fighter)          Turns: 8748, Time: 00:12:53

Health: -2/70      AC: 12    Str: 26    XL:     9   Next: 85%
Magic:  8/8        EV: 12    Int:  5    God:    Gozag
Gold:   244        SH:  6    Dex:  9    Spells: 8/8 levels left

rFire   . . .      SeeInvis .   a - +1 war axe (vorpal)
rCold   . . .      Faith    .   c - +0 buckler
rNeg    . . .      Spirit   .   i - +1 scale mail {Will+}
rPois   .          Reflect  .   (helmet restricted)
rElec   +          Harm     .   f - +0 cloak "Isosuag" {rElec Will+}
rCorr   .          Rampage  .   e - +0 pair of gloves
Will    ++...                   (no boots)
Stlth   ..........              (no amulet)
HPRegen 0.21/turn               (no ring)
MPRegen 0.11/turn               (no ring)

@: mighty, gold aura
A: horns 2, retaliatory headbutt
a: Renounce Religion, Potion Petition, Call Merchant, Bribe Branch


You were on level 8 of the Dungeon.
You worshipped Gozag.
Gozag was aware of your devotion.
You visited 2 branches of the dungeon, and saw 9 of its levels.
You also visited: Sewer.

You collected 591 gold pieces.
You spent 280 gold pieces at shops.
You paid 67 gold pieces to Gozag.

Inventory:

Hand Weapons
 a - a +1 vorpal war axe (weapon)
 v - a +2 hand axe of electrocution
Armour
 b - a +0 scale mail
 c - a +0 buckler (worn)
 e - a +0 pair of gloves (worn)
 f - the +0 cloak "Isosuag" (worn) {rElec Will+}
   (You found it on level 3 of the Dungeon)

   rElec:     It insulates you from electricity.
   Will:      It increases your willpower.
 i - a +1 scale mail of willpower (worn)
Wands
 n - a wand of paralysis (21)
 p - a wand of digging (8)
 y - a wand of polymorph (5)
 B - a wand of mindburst (15)
Scrolls
 j - a scroll of amnesia
 l - 2 scrolls of magic mapping {unknown}
 m - 6 scrolls of identify
 o - 3 scrolls of teleportation
 q - 5 scrolls of enchant armour
 r - a scroll of fear
 s - a scroll of fog
 x - a scroll of acquirement {unknown}
 A - a scroll of silence {unknown}
Potions
 d - a potion of might
 g - 3 potions of flight
 h - a potion of heal wounds {unknown}
 k - 3 potions of haste {unknown}
 t - a potion of degeneration {unknown}
 u - a potion of invisibility {unknown}
 w - 2 potions of lignification {unknown}
 z - a potion of magic {unknown}


   Skills:
 - Level 3.6 Fighting
 - Level 9.0 Axes
 + Level 9.2 Armour
 + Level 7.5 Dodging
 + Level 9.2 Shields


You had 8 spell levels left.
You didn't know any spells.
Your spell library contained the following spells:

 Spells                   Type           Power      Damage    Failure   Level
 Animate Skeleton         Necr           0%         N/A       78%         1
 Pain                     Necr           0%         1d4       78%         1
 Dazzling Flash           Conj/Hex       0%         N/A       98%         3
 Summon Guardian Golem    Hex/Summ       0%         N/A       98%         3
 Vampiric Draining        Necr           0%         2d6       98%         3
 Agony                    Necr           0%         N/A       100%        5
 Silence                  Hex/Air        0%         N/A       100%        5
 Orb of Destruction       Conj           0%         9d5       100%        7
 Spellforged Servitor     Conj/Summ      0%         N/A       100%        7


Dungeon Overview and Level Annotations

Branches:
Dungeon (8/15)             Temple (1/1) D:6           Sewer (visited)
   Lair: D:8-11

Altars:
Ashenzari
Cheibriados
Dithmenos
Elyvilon
Fedhas
Gozag
Hepliaklqana
Kikubaaqudgha
Makhleb
Nemelex Xobeh
Okawaru
Qazlal
Ru
Sif Muna
Trog
Uskayaw
Vehumet
Wu Jian
Xom
Yredelemnul
Zin

Shops:
D:7 ?

Annotations:
D:8 Grum


Innate Abilities, Weirdness & Mutations

You have a pair of horns on your head.
You reflexively headbutt those who attack you in melee.


Message History

Grum is heavily wounded.
You miss the wolf. You hit the wyvern zombie.
You destroy the wyvern zombie!
A wolf comes into view.
You block the wolf's attack. Grum hits you with a -2 spear.
You closely miss Grum.
Grum is heavily wounded.
The wolf howls!
You hit the wolf but do no damage. The wolf bites you but does no damage.
You block the wolf's attack. The wolf closely misses you.
You furiously retaliate!
You headbutt the wolf! Grum hits you but does no damage.
You hit Grum but do no damage. You headbutt Grum, but do no damage.
Grum is heavily wounded.
You hit the wolf but do no damage. You barely miss the wolf.
The wolf closely misses you. The wolf bites you! You block the wolf's attack.
The wolf bites you but does no damage. Grum hits you with a -2 spear.
You hit Grum.
Grum is heavily wounded.
You miss the wolf. You hit the wolf. You hit the wolf but do no damage.
The wolf closely misses you. You furiously retaliate!
You headbutt the wolf. The wolf completely misses you. You furiously retaliate!
You headbutt the wolf!
The wolf bites you. x2; The wolf closely misses you.
You furiously retaliate!
You headbutt the wolf!
You kill the wolf!
Grum barely misses you. The wolf bites you.
* * * LOW HITPOINT WARNING * * *
You hit Grum but do no damage. Your headbutt misses Grum.
Grum is heavily wounded.
You miss the wolf. You barely miss the wolf.
The wolf bites you but does no damage. The wolf misses you.
Grum hits you but does no damage. The wolf barely misses you.
The wolf bites you!
* * * LOW HITPOINT WARNING * * *
You feel very mighty all of a sudden. The wolf bites you.
* * * LOW HITPOINT WARNING * * *
The wolf barely misses you. Grum hits you with a -2 spear!
You die...
Your body crumbles into a pile of gold.

.####..#.#.#
...#..#.#.#####.
###.#..#.#...#... #
............<#..# .#
#......###.#..# ..#
+...<..+...#..#+#..##
#....).##..#.........
#......##..#.gh......
#.......)..#.@$......
######.....#..h......
#....##.#####.##
##....##'##
#.........#
#.........#
#.........#
###########


You could see Grum and 2 wolves.

Vanquished Creatures
  A two-headed ogre (D:7)
  Menkaure (D:4)
  A water moccasin (D:8)
  2 orc warriors
  3 sky beasts
  3 ice beasts
  A wolf (D:8)
  2 ogres
  2 centaurs (D:8)
  A phantom (D:4)
  2 kobold brigands (Sewer)
  A wyvern zombie (D:8)
  2 scorpions
  5 wights (D:7)
  A hound (D:5)
  2 jellies
  3 orc priests
  2 gnoll shamans
  Crazy Yiuf (D:6)
  Terence (D:3)
  2 centaur skeletons
  6 iguanas
  5 orc wizards
  A killer bee zombie (D:7)
  2 howler monkey zombies (D:7)
  8 gnolls
  12 adders
  5 river rats
  A white imp (D:7)
  3 ufetubi
  5 worms
  A dart slug (D:5)
  20 orcs
  8 ball pythons
  17 endoplasms
  2 giant cockroaches
  2 hobgoblins
  3 jackals (D:2)
  2 quokkas
  7 bats
  6 frilled lizards
  11 goblins
  A jackal skeleton (D:4)
  11 kobolds
  7 rats
185 creatures vanquished.

Notes
Turn   | Place    | Note
-------+----------+-------------------------------------------
     0 | D:1      | crazypyro the Minotaur Fighter began the quest for the Orb.
     0 | D:1      | Reached XP level 1. HP: 19/19 MP: 0/0
   319 | D:1      | Reached XP level 2. HP: 25/26 MP: 1/1
   836 | D:1      | Found a faded altar of an unknown god.
   845 | D:1      | Prayed at the altar of an unknown god.
   845 | D:1      | Became a worshipper of Sif Muna the Loreminder
   845 | D:1      | Reached * piety under Sif Muna
  1108 | D:2      | Reached XP level 3. HP: 31/31 MP: 2/2
  1653 | D:2      | Reached skill level 5 in Axes
  2097 | D:3      | Reached XP level 4. HP: 39/39 MP: 3/3
  2301 | D:3      | Noticed an ice beast
  2307 | D:3      | Killed an ice beast
  2308 | D:3      | Reached XP level 5. HP: 33/45 MP: 4/4
  2309 | D:3      | Identified the +0 cloak "Isosuag" {rElec Will+}
  2415 | D:3      | Noticed Terence
  2418 | D:3      | Killed Terence
  2508 | D:3      | Found a basalt altar of Yredelemnul.
  2548 | D:3      | Noticed an ogre
  2553 | D:3      | Killed an ogre
  2554 | D:3      | Reached XP level 6. HP: 51/51 MP: 5/5
  2578 | D:3      | Reached ** piety under Sif Muna
  2620 | D:3      | Found a white marble altar of Elyvilon.
  2752 | D:4      | Noticed Menkaure
  2755 | D:4      | Killed Menkaure
  2904 | D:4      | Reached XP level 7. HP: 53/57 MP: 6/6
  2969 | D:4      | Reached skill level 1 in Dodging
  3058 | D:4      | Found a basalt altar of Yredelemnul.
  3450 | D:5      | Entered Level 5 of the Dungeon
  4045 | D:5      | Reached *** piety under Sif Muna
  4092 | D:5      | Found a glowing drain.
  4101 | Sewer    | Entered a sewer
  4426 | Sewer    | Reached skill level 5 in Armour
  4426 | Sewer    | Reached skill level 5 in Shields
  4777 | Sewer    | Reached XP level 8. HP: 39/64 MP: 7/7
  5193 | Sewer    | Reached **** piety under Sif Muna
  6185 | D:6      | Reached skill level 5 in Dodging
  6185 | D:6      | Found a staircase to the Ecumenical Temple.
  6245 | Temple   | Entered the Ecumenical Temple
  6408 | Temple   | Fell from the grace of Sif Muna
  6408 | Temple   | Became a worshipper of Gozag Ym Sagoz the Greedy
  6795 | D:6      | Found a runed translucent door.
  6796 | D:6      | Noticed Crazy Yiuf
  7130 | D:6      | Killed Crazy Yiuf
  7307 | D:7      | Reached XP level 9. HP: 23/66 MP: 8/8
  7655 | D:7      | Noticed a two-headed ogre
  7670 | D:7      | Killed a two-headed ogre
  7834 | D:7      | Found Athahax's Magic Scroll Boutique.
  8065 | D:7      | Bought a scroll of brand weapon for 280 gold pieces
  8410 | D:7      | Found a shadowy altar of Dithmenos.
  8417 | D:7      | Found a shimmering blue altar of Sif Muna.
  8736 | D:8      | Noticed Grum
  8748 | D:8      | Slain by Grum

Illustrated notes

Levels and vault maps discovered:
D:1:      dpeg_arrival_rooms_c, layout_basic,
          ebering_ecumenical_altar_sacrificial
D:2:      layout_loops_ring, kennysheep_generic_room_15
D:3:      layout_basic, kennysheep_ying_yang, uniq_terence
D:4:      layout_basic, kennysheep_flooded_box, nrook_campfire, uniq_menkaure
D:5:      layout_gridville, lightli_sewer_entry_pipes
D:6:      layout_basic, temple_pool_b, uniq_crazy_yiuf_cottage
D:7:      layout_basic, grunt_temple_overflow_open, serial_shops,
          nicolae_shop_advertising_works [nicolae_subvault_shop_adworks],
          enter_bailey_5
D:8:      layout_basic, kennysheep_mini_moat, uniq_erica, uniq_grum, uniq_maggie
Temple:   minmay_crystal_spiral_temple

Skill      XL: |  1  2  3  4  5  6  7  8  9 |
---------------+----------------------------+-----
Axes           | 3 4 5 6 7 9 |  9.0
Dodging        | 3 5 7 |  7.5
Armour         | 5 7 9 |  9.2
Shields        | 5 7 9 |  9.2
Fighting       | |  3.6

Action                   |  1- 3 |  4- 6 |  7- 9 || total
-------------------------+-------+-------+-------++-------
Melee: War axe           |   123 |    40 |   357 ||   520
       Headbutt          |     7 |     6 |    46 ||    59
  Use: Scroll            |       |     7 |     5 ||    12
       Potion            |       |       |     1 ||     1
Armor: Scale mail        |    60 |    14 |   189 ||   263
Dodge: Dodged            |    76 |     4 |   219 ||   299
Block: Buckler           |    36 |     6 |    84 ||   126
